 Dungeon Crawl Stone Soup version 0.29.1-1-gd02db6906a (webtiles) character file.

Game seed: 13447820049188068026

36 Sabo the Gusty (level 3, 0/22 HPs)
             Began as an Octopode Air Elementalist on Oct 11, 2022.
             Succumbed to an adder's poison
             ... on level 2 of the Dungeon.
             The game lasted 00:10:42 (1384 turns).

Sabo the Gusty (Octopode Air Elementalist)          Turns: 1384, Time: 00:10:43

Health: 0/22       AC:  1    Str:  7    XL:     3   Next: 37%
Magic:  4/6        EV: 13    Int: 19    God:
Gold:   99         SH:  0    Dex: 12    Spells: 5/6 levels left

rFire   . . .      SeeInvis .   m - +1 sling (vorpal)
rCold   . . .      Faith    .   (no shield)
rNeg    . . .      Spirit   .   (helmet restricted)
rPois   .          Reflect  .   b - amulet of regeneration
rElec   .          Harm     .   (no ring)
rCorr   .          Rampage  .   (no ring)
Will    .....                   (no ring)
Stlth   +++.......              (no ring)
HPRegen 0.87/turn               (no ring)
MPRegen 0.10/turn               (no ring)
                                (no ring)
                                (no ring)

@: lethally poisoned (0 -> -4)
A: almost no armour, amphibious, 8 rings, camouflage 1, gelatinous body 1,
(nimble swimmer 1), tentacles
a: no special abilities


You were on level 2 of the Dungeon.
You visited 1 branch of the dungeon, and saw 2 of its levels.

You collected 99 gold pieces.

Inventory:

Hand Weapons
 e - a +1 dagger of venom
 j - a +0 hand axe
 l - a +0 morningstar
 m - a +1 vorpal sling (weapon)
Missiles
 n - 5 javelins
Jewellery
 b - an amulet of regeneration (around mantle)
 g - a ring of fire
Scrolls
 c - a scroll of enchant armour {unknown}
 k - a scroll of identify {unknown}
 o - a scroll of fear {unknown}
Potions
 a - a potion of magic
 d - 2 potions of attraction {unknown}
 f - a potion of brilliance {unknown}
 h - a potion of might {unknown}
 i - 2 potions of ambrosia {unknown}


   Skills:
 + Level 0.4 Fighting
 + Level 0.1 Throwing
 + Level 2.1 Dodging
 + Level 2.8 Stealth
 + Level 2.4 Spellcasting
 + Level 1.0 Conjurations
 + Level 3.7 Air Magic


You had 5 spell levels left.
You knew the following spells:

 Your Spells              Type           Power      Damage    Failure   Level
a - Shock                 Conj/Air       44%        1d5       6%          1

Your spell library contained the following spells:

 Spells                   Type           Power      Damage    Failure   Level
 Static Discharge         Conj/Air       11%        3-5/arc   9%          2
 Swiftness                Air            16%        N/A       11%         3
 Airstrike                Air            8%         2d(2-18)  34%         4


Dungeon Overview and Level Annotations

Branches:
Dungeon (2/15)

Altars:


Innate Abilities, Weirdness & Mutations

You cannot wear most types of armour.
You are amphibious.
You can wear up to eight rings at the same time.
Your skin changes colour to match your surroundings (Stealth+).
Your rubbery body absorbs attacks. (AC +1, EV +1)
((You are camouflaged when in or above water. (Stealth+)))
You have tentacles for arms and can constrict up to eight enemies at once.


Message History

The sling bullet hits the adder but does no damage.
The adder is lightly wounded.
The adder bites you.
You are poisoned.
The adder poisons you! The adder bites you.
Fire: m) +1 sling (vorpal)
Press: ? - help, Q - select action, (/) - cycle Shift-Dir - straight line, f/p - adder
Aim: an adder (lightly wounded, 32% to hit)
You shoot a sling bullet.
The sling bullet barely misses the adder.
You feel sick. The adder bites you.
Fire: m) +1 sling (vorpal)
Press: ? - help, Q - select action, (/) - cycle Shift-Dir - straight line, f/p - adder
Aim: an adder (lightly wounded, 32% to hit)
You shoot a sling bullet. The sling bullet misses the adder.
You feel sick. The adder bites you.
You are more poisoned.
The adder poisons you! The adder barely misses you.
Fire: m) +1 sling (vorpal)
Press: ? - help, Q - select action, (/) - cycle Shift-Dir - straight line, f/p - adder
Aim: an adder (lightly wounded, 32% to hit)
You shoot a sling bullet. The sling bullet misses the adder.
You feel sick. The adder barely misses you. The adder bites you.
* * * LOW HITPOINT WARNING * * *
Fire: m) +1 sling (vorpal)
Press: ? - help, Q - select action, (/) - cycle Shift-Dir - straight line, f/p - adder
Aim: an adder (lightly wounded, 32% to hit)
You shoot a sling bullet.
The sling bullet barely misses the adder.
You feel sick. The adder bites you.
* * * LOW HITPOINT WARNING * * *
You are more poisoned.
The adder poisons you! The adder bites you.
* * * LOW HITPOINT WARNING * * *
Fire: m) +1 sling (vorpal)
Press: ? - help, Q - select action, (/) - cycle Shift-Dir - straight line, f/p - adder
Aim: an adder (lightly wounded, 32% to hit)
You shoot a sling bullet.
The sling bullet closely misses the adder.
You die...

##...#.##.. .
...#.#.##.. #.
####.........
#.##............ .
....#.......).. ... ##
#............. ....##.
#............
.......#####............
......S@................
..........[...........).
#....#####..............
#... .................
#.. ...........รท......
#. ......####......... .
......# ..##......
......# ........#..
#....##.


You could see an adder.

Vanquished Creatures
  2 endoplasms
  3 giant cockroaches (D:2)
  2 goblins
  4 hobgoblins
  2 jackals (D:2)
  2 quokkas (D:1)
  2 ball pythons (D:1)
  5 bats
  4 frilled lizards
  2 kobolds (D:1)
  6 rats
34 creatures vanquished.

Vanquished Creatures (others)
  5 toadstools (D:1)
5 creatures vanquished.

Grand Total: 39 creatures vanquished

Notes
Turn   | Place    | Note
-------+----------+-------------------------------------------
     0 | D:1      | Sabo the Octopode Air Elementalist began the quest for the
                  | Orb.
     0 | D:1      | Reached XP level 1. HP: 11/11 MP: 3/3
   363 | D:1      | Reached XP level 2. HP: 17/17 MP: 0/5
  1062 | D:2      | Reached XP level 3. HP: 21/21 MP: 0/6
  1384 | D:2      | Succumbed to an adder's poison

Illustrated notes

Levels and vault maps discovered:
D:1:      ldierk_walled_garden, layout_basic
D:2:      layout_rooms

Action                   || total
-------------------------++-------
Melee: Dagger            ||    13
       Constrict         ||     2
       Tentacles         ||     2
 Fire: Sling             ||    20
Throw: Javelin           ||     5
 Cast: Shock             ||    41
Armor: Skin              ||     2
Dodge: Dodged            ||    29
